[Event "Titled Tuesday Blitz May 03 Late 2022"]
[White "Wagner, Dennis"]
[Black "Kamsky, Gata"]
[WhiteFideId "24650684"]
[BlackFideId "2000024"]
[WhiteElo "2355"]
[BlackElo "2645"]
[Result "0-1"]
[Round "10"]
[TimeControl "180+1"]
[Date "2022.05.03"]
[WhiteClock "0:00:02"]
[BlackClock "0:00:59"]

1. d4 Nf6 2. Bg5 d5 3. e3 c5 4. Bxf6 gxf6 5. dxc5 e6 6. c4 dxc4 7. Nd2 c3 8. bxc3 Bxc5 9. Ngf3 O-O 10. Qc2 Nc6 11. Bd3 h6 12. Ne4 Be7 13. O-O b6 14. Rfd1 Qc7 15. Ng3 Bb7 16. Nh5 Rfd8 17. Bh7+ Kf8 18. Be4 f5 19. Bd3 Ne5 20. Be2 Ng4 21. h3 Nf6 22. Nd4 Nxh5 23. Bxh5 Bf6 24. Qe2 Rac8 25. Bf3 Bxf3 26. Qxf3 Qxc3 27. Rac1 Qxc1 28. Rxc1 Rxc1+ 29. Kh2 Be5+ 30. g3 Bxd4 31. exd4 Rc4 32. Qa3+ Kg7 33. Qxa7 Rd6 34. Qa3 Rcxd4 35. Qc3 b5 36. Kg2 b4 37. Qc5 R6d5 38. Qc7 Rd2 39. Qb6 Rb2 40. Qe3 Rdd2 41. Qe5+ Kg8 42. g4 Rxf2+ 43. Kg3 fxg4 44. hxg4 Rxa2 45. Qb8+ Kh7 46. Qxb4 Rg2+ 47. Kh4 Raf2 48. Qe4+ Kg8 49. Qa8+ Kg7 50. Qa1+ Rf6 51. Qe5 Rf2 52. g5 hxg5+ 53. Kg4 Rf4+ 54. Kh5 Rf5 55. Qb8 Kh7 56. Qf8 Rg6 57. Qb4 g4+ 58. Kh4 g3 59. Kh3 g2 0-1


[Site "https://www.chess.com"]

[Event "Titled Tuesday Blitz May 03 Late 2022"]
[White "Wartiovaara, Oliver"]
[Black "Mirza, Diana"]
[WhiteFideId "513024"]
[BlackFideId "2503999"]
[WhiteElo "1971"]
[BlackElo "1813"]
[Result "1-0"]
[Round "10"]
[TimeControl "180+1"]
[Date "2022.05.03"]
[WhiteClock "0:00:07"]
[BlackClock "0:00:05"]

1. e4 e5 2. Nf3 d6 3. d4 exd4 4. Nxd4 Nf6 5. Nc3 g6 6. f3 Bg7 7. Be3 O-O 8. Qd2 Re8 9. O-O-O d5 10. Nb3 Qe7 11. Nxd5 Nxd5 12. Qxd5 a5 13. a4 Be6 14. Qc5 Qf6 15. Bd4 Qf4+ 16. Kb1 Na6 17. Qc3 Bf8 18. Bxa6 Rxa6 19. h4 Rc6 20. Qe3 Qxe3 21. Bxe3 Bxb3 22. cxb3 Bg7 23. h5 Be5 24. Rd5 f6 25. h6 Kf7 26. Rxa5 Rd8 27. Rd5 Rcd6 28. Rhd1 Rxd5 29. Rxd5 Rxd5 30. exd5 g5 31. b4 Kg6 32. a5 Kxh6 33. b5 Kg6 34. a6 bxa6 35. bxa6 h5 36. a7 g4 37. fxg4 hxg4 38. a8=Q Kf5 39. Qc6 Ke4 40. Qe6 f5 41. Bd2 f4 42. Bc3 f3 43. Qxe5+ Kd3 44. gxf3 gxf3 45. Qf4 Ke2 46. Bd4 c5 47. Qe3+ Kf1 48. Qf2# 1-0


[Site "https://www.chess.com"]

[Event "Titled Tuesday Blitz May 03 Late 2022"]
[White "Weber, Samuel"]
[Black "Winkels, Marcel"]
[WhiteFideId "12924008"]
[BlackFideId "1003887"]
[WhiteElo "2215"]
[BlackElo "1900"]
[Result "1-0"]
[Round "10"]
[TimeControl "180+1"]
[Date "2022.05.03"]
[WhiteClock "0:01:10"]
[BlackClock "0:00:10"]

1. e4 e5 2. Nf3 Nf6 3. Nxe5 Nc6 4. Nxc6 dxc6 5. f3 Bc5 6. c3 Bd6 7. d4 O-O 8. Be3 Re8 9. Nd2 Nd5 10. Bf2 Nf4 11. g3 Ng6 12. Bd3 c5 13. O-O Bh3 14. Re1 cxd4 15. cxd4 c6 16. e5 Bc7 17. Ne4 Bb6 18. Bc4 Be6 19. Qb3 Bd5 20. Rad1 Qd7 21. Bxd5 cxd5 22. Nc3 Rad8 23. Qb5 Qe6 24. f4 Qh3 25. Qf1 Qg4 26. Qe2 Qh3 27. f5 Nf8 28. Qf3 h5 29. Nxd5 Ba5 30. b4 Bb6 31. Nxb6 axb6 32. d5 Nd7 33. e6 Nf6 34. d6 fxe6 35. fxe6 Rxe6 36. Qb3 Kf7 37. Bxb6 Rd7 38. Bc5 Ne4 39. Rxe4 1-0


[Site "https://www.chess.com"]

[Event "Titled Tuesday Blitz May 03 Late 2022"]
[White "Xiong, Jeffery"]
[Black "Tang, Andrew"]
[WhiteFideId "2047640"]
[BlackFideId "2059630"]
[WhiteElo "2727"]
[BlackElo "2584"]
[Result "1-0"]
[Round "10"]
[TimeControl "180+1"]
[Date "2022.05.03"]
[WhiteClock "0:01:30"]
[BlackClock "0:00:01"]

1. d4 d5 2. c4 e6 3. Nc3 Be7 4. Bf4 Nf6 5. e3 O-O 6. a3 b6 7. Nb5 Na6 8. Nf3 Bb7 9. Nc3 c5 10. cxd5 Nxd5 11. Nxd5 exd5 12. Bd3 c4 13. Bb1 Nc7 14. h4 f5 15. g4 Bc8 16. gxf5 Bxf5 17. Bxf5 Rxf5 18. Qc2 Rh5 19. O-O-O Ne6 20. Be5 Qf8 21. Ng5 Bxg5 22. hxg5 Rxh1 23. Rxh1 Nxg5 24. Rg1 Ne6 25. e4 Qf3 26. exd5 Qxd5 27. f4 Kf8 28. Qxh7 Re8 29. Rxg7 1-0


[Site "https://www.chess.com"]

[Event "Titled Tuesday Blitz May 03 Late 2022"]
[White "Yanayt, Eugene"]
[Black "Kholin, Aleksandr"]
[WhiteFideId "2020165"]
[BlackFideId "14179385"]
[WhiteElo "2046"]
[BlackElo "2472"]
[Result "0-1"]
[Round "10"]
[TimeControl "180+1"]
[Date "2022.05.03"]
[WhiteClock "0:00:20"]
[BlackClock "0:02:05"]

1. d4 d5 2. c4 e6 3. g3 Nf6 4. Bg2 Be7 5. Bg5 O-O 6. Nc3 dxc4 7. e4 Nc6 8. Nge2 h6 9. Bxf6 Bxf6 10. e5 Be7 11. O-O Nb4 12. Ne4 Nd5 13. Qc2 b5 14. a4 c6 15. b3 cxb3 16. Qxc6 Bd7 17. Qc1 Rc8 18. Qb1 bxa4 19. Rc1 Qb6 20. Qb2 a3 21. Rxa3 Bxa3 22. Qxa3 Rxc1+ 23. Qxc1 b2 24. Qb1 Bb5 25. Qxb2 Bxe2 26. Qxe2 Qxd4 27. g4 Qxe5 28. g5 hxg5 29. Qg4 0-1


[Site "https://www.chess.com"]

[Event "Titled Tuesday Blitz May 03 Late 2022"]
[White "Yaran, Siar"]
[Black "Zhang, Derek"]
[WhiteFideId "6323006"]
[BlackFideId "2087871"]
[WhiteElo "1977"]
[BlackElo "2085"]
[Result "0-1"]
[Round "10"]
[TimeControl "180+1"]
[Date "2022.05.03"]
[WhiteClock "0:00:01"]
[BlackClock "0:00:03"]

1. e4 e6 2. d4 d5 3. exd5 exd5 4. c4 Nf6 5. Nc3 Be7 6. Bd3 Nbd7 7. h3 dxc4 8. Bxc4 Nb6 9. Bb3 c6 10. Nf3 O-O 11. O-O Nfd5 12. a3 Be6 13. Bc2 f6 14. Qd3 g6 15. Bh6 Re8 16. Rfe1 Bf5 17. Qd1 Bxc2 18. Qxc2 Nxc3 19. bxc3 Qd5 20. Re2 Bf8 21. Bxf8 Kxf8 22. Rae1 Qc4 23. Rxe8+ Rxe8 24. Rxe8+ Kxe8 25. Qe4+ Kf7 26. Qf4 Kg7 27. Qb8 Qf7 28. Qxa7 Nd5 29. Qc5 Qd7 30. a4 Nf4 31. Qb4 h5 32. Qb2 g5 33. c4 g4 34. hxg4 Qxg4 35. Ne1 Qd1 36. Qxb7+ Kg6 37. Qe7 Ne2+ 38. Kf1 Nxd4 39. Qe4+ Kf7 40. Qh7+ Ke6 41. Qe4+ Kd6 42. Qf4+ Kc5 43. Qe3 Kxc4 44. g3 c5 45. Kg2 Kd5 46. a5 Qa1 47. Qd2 Qa3 48. Nc2 Qf3+ 49. Kh2 h4 50. Ne3+ Kc6 51. gxh4 Qf4+ 52. Kg2 Qe4+ 53. Kf1 Qh1# 0-1


[Site "https://www.chess.com"]

[Event "Titled Tuesday Blitz May 03 Late 2022"]
[White "Yuan, Qingyu"]
[Black "Piesik, Piotr"]
[WhiteFideId "8609772"]
[BlackFideId "1136194"]
[WhiteElo "2359"]
[BlackElo "2190"]
[Result "0-1"]
[Round "10"]
[TimeControl "180+1"]
[Date "2022.05.03"]
[WhiteClock "0:00:01"]
[BlackClock "0:00:26"]

1. e4 g6 2. d4 Bg7 3. Nf3 c6 4. h3 d6 5. c4 Nf6 6. Nc3 O-O 7. Be3 Nbd7 8. Bd3 e5 9. d5 cxd5 10. cxd5 a6 11. a4 Nh5 12. Ne2 Nc5 13. O-O Nxd3 14. Qxd3 f5 15. Nc3 Nf4 16. Bxf4 exf4 17. Rfe1 fxe4 18. Nxe4 Bf5 19. Qb3 Qd7 20. Neg5 Rfe8 21. Ne6 Rac8 22. Nxf4 Rxe1+ 23. Rxe1 Bc2 24. Qb4 Bxa4 25. Re6 Rd8 26. Qe4 Bb5 27. h4 Qf7 28. Re7 Re8 29. Re6 Bd7 30. Ng5 Qf8 31. Rxe8 Qxe8 32. Nge6 Bxb2 33. h5 Be5 34. hxg6 Bxf4 35. gxh7+ Kh8 36. Qxf4 Bxe6 37. Qf6+ Kxh7 38. dxe6 Kg8 39. g4 a5 40. g5 a4 41. g6 a3 42. Kf1 a2 43. e7 a1=Q+ 44. Qxa1 Qxe7 45. Qa2+ Kg7 46. Qb1 Qe6 47. f4 Qc4+ 48. Kg1 Qd4+ 49. Kg2 Qxf4 50. Qxb7+ Kxg6 0-1


[Site "https://www.chess.com"]

[Event "Titled Tuesday Blitz May 03 Late 2022"]
[White "Yurovskykh, Oleksandr"]
[Black "Silvestre, Christian"]
[WhiteFideId "14134020"]
[BlackFideId "30956269"]
[WhiteElo "2292"]
[BlackElo "2403"]
[Result "0-1"]
[Round "10"]
[TimeControl "180+1"]
[Date "2022.05.03"]
[WhiteClock "0:00:04"]
[BlackClock "0:00:07"]

1. d4 Nf6 2. Nf3 g6 3. Bg5 Bg7 4. Nbd2 h6 5. Bh4 d5 6. e3 Bf5 7. Be2 O-O 8. O-O c5 9. c3 cxd4 10. cxd4 Nc6 11. Nb3 Ne4 12. Rc1 a5 13. Nc5 Nxc5 14. Rxc5 Be6 15. Qb3 Qd7 16. Bb5 Rfc8 17. Rfc1 Qd6 18. Bg3 Qd7 19. Ne5 Bxe5 20. Bxe5 f6 21. Bg3 Bf7 22. Qa4 Qd8 23. Bxc6 bxc6 24. Rxc6 Be8 25. Rxc8 Rxc8 26. Rxc8 Qxc8 27. Qd1 Ba4 28. b3 Bb5 29. h3 h5 30. Qd2 a4 31. Qb4 Qd7 32. bxa4 Bxa4 33. Qb8+ Kf7 34. a3 Qe8 35. Qb4 Qb5 36. Qc3 Qb1+ 37. Kh2 Qb5 38. Bc7 Qd7 39. Ba5 Bb5 40. Bb4 Ba4 41. Qc5 g5 42. g3 h4 43. Kg2 hxg3 44. fxg3 Ke6 45. Qb6+ Kf7 46. Qc5 Qe6 47. Qc3 Qe4+ 48. Kf2 Bd7 49. Qc1 Bxh3 50. Qc3 Qg2+ 51. Ke1 Qf1+ 52. Kd2 Qf2+ 53. Kd3 Bf1# 0-1


[Site "https://www.chess.com"]

[Event "Titled Tuesday Blitz May 03 Late 2022"]
[White "Zherebtsova, Alexandra"]
[Black "Migot, Tangi"]
[WhiteFideId "24129518"]
[BlackFideId "662445"]
[WhiteElo "2025"]
[BlackElo "2514"]
[Result "0-1"]
[Round "10"]
[TimeControl "180+1"]
[Date "2022.05.03"]
[WhiteClock "0:00:01"]
[BlackClock "0:00:15"]

1. d4 Nf6 2. Nf3 g6 3. c4 Bg7 4. Nc3 d5 5. e3 O-O 6. Qb3 dxc4 7. Bxc4 c5 8. O-O Nc6 9. Ne5 cxd4 10. Nxf7 Rxf7 11. Bxf7+ Kf8 12. Rd1 Na5 13. Rxd4 Qxd4 14. exd4 Nxb3 15. Bxb3 Ng4 16. h3 Nh6 17. g4 Nf7 18. Be3 h5 19. f3 Bf6 20. Nd5 hxg4 21. hxg4 Bg5 22. Bxg5 Nxg5 23. Kg2 Bd7 24. Nf4 Kg7 25. Rc1 Rc8 26. Rxc8 Bxc8 27. Bd5 b6 28. Kf2 Kf6 29. Ke3 e6 30. Bc6 Nf7 31. Nd3 g5 32. Ba8 a5 33. a3 Ba6 34. b4 Nd6 35. bxa5 bxa5 36. Nb2 e5 37. dxe5+ Kxe5 38. Bc6 Bf1 39. Ba8 Ba6 40. Bc6 Bc8 41. Ba8 Be6 42. Bc6 Bf7 43. Ba8 Nb5 44. a4 Nd6 45. Bc6 Bb3 46. Bd7 Kd5 47. Kd3 Kc5 48. Ke3 Bd5 49. f4 gxf4+ 50. Kxf4 Kb4 51. g5 Kb3 52. Nd1 Nc4 0-1


[Site "https://www.chess.com"]

[Event "Titled Tuesday Blitz May 03 Late 2022"]
[White "Andreikin, Dmitry"]
[Black "Melkumyan, Hrant"]
[WhiteFideId "4158814"]
[BlackFideId "13302485"]
[WhiteElo "2736"]
[BlackElo "2604"]
[Result "1-0"]
[Round "11"]
[TimeControl "180+1"]
[Date "2022.05.03"]
[WhiteClock "0:00:20"]
[BlackClock "0:00:02"]

1. Nf3 d5 2. d4 Nf6 3. c4 e6 4. g3 dxc4 5. Bg2 Bb4+ 6. Bd2 a5 7. Qc2 c5 8. dxc5 Bxc5 9. O-O Nbd7 10. Na3 b6 11. Ng5 Ba6 12. Bxa8 Qxa8 13. Nxc4 O-O 14. b3 Rc8 15. Qb2 Qd5 16. Rad1 Bb7 17. Nf3 Qh5 18. Bc3 Ng4 19. h4 Ndf6 20. Bxf6 gxf6 21. Nd6 Nxf2 22. Rxf2 Rd8 23. Qxf6 Rxd6 24. Rxd6 Bxd6 25. Ng5 Bc5 26. Qd8+ Kg7 27. Nxe6+ fxe6 28. Qf6+ Kg8 29. Qxe6+ Kh8 30. Qf6+ Kg8 31. Qd8+ Kg7 32. Qc7+ Kh8 33. Qb8+ Kg7 34. Qxb7+ Kg8 35. Qc8+ Kg7 36. Qd7+ Kg8 37. Qe6+ Kg7 38. e3 Qd1+ 39. Kg2 1-0


[Site "https://www.chess.com"]

[Event "Titled Tuesday Blitz May 03 Late 2022"]
[White "Avalos Parra, Joao"]
[Black "Migot, Tangi"]
[WhiteFideId "3402541"]
[BlackFideId "662445"]
[WhiteElo "2173"]
[BlackElo "2520"]
[Result "1-0"]
[Round "11"]
[TimeControl "180+1"]
[Date "2022.05.03"]
[WhiteClock "0:00:22"]
[BlackClock "0:00:14"]

1. d4 Nf6 2. c4 g6 3. Nc3 d5 4. Nf3 Bg7 5. Qb3 dxc4 6. Qxc4 Be6 7. Qb5+ Nbd7 8. Ng5 Bf5 9. e4 h6 10. exf5 hxg5 11. fxg6 fxg6 12. Bd3 c5 13. Bxg6+ Kf8 14. Qc4 e6 15. Qxe6 Qe7 16. Qxe7+ Kxe7 17. dxc5 Nxc5 18. Bxg5 Ne6 19. Bd2 Rad8 20. O-O-O Ng4 21. Rhe1 Kf6 22. Bc2 Rxh2 23. Ne4+ Kf7 24. Bb3 Bh6 25. Bxh6 Rxd1+ 26. Rxd1 Rxh6 27. Ng5+ Kf6 28. Nxe6 Rh2 29. Nf4 Nxf2 30. Rf1 Ng4 31. Bd5 b6 32. Bf3 Ne3 33. Re1 Nf5 34. Nd5+ Kf7 35. Nc3 Nh4 36. Rf1 Ke7 37. Rf2 Rh1+ 38. Kc2 Rg1 39. Bb7 Ng6 40. Rd2 Ne5 41. Nb5 a6 42. Nd4 a5 43. Nf3 Nc4 44. Nxg1 1-0


[Site "https://www.chess.com"]

[Event "Titled Tuesday Blitz May 03 Late 2022"]
[White "Bernal Moro, Luis Javier"]
[Black "Karttunen, Mika"]
[WhiteFideId "2200236"]
[BlackFideId "502081"]
[WhiteElo "2373"]
[BlackElo "2343"]
[Result "1-0"]
[Round "11"]
[TimeControl "180+1"]
[Date "2022.05.03"]
[WhiteClock "0:00:21"]
[BlackClock "0:00:03"]

1. c4 Nf6 2. Nc3 g6 3. e4 d6 4. d4 Bg7 5. Bd3 O-O 6. Nge2 c5 7. d5 e6 8. O-O exd5 9. cxd5 a6 10. a4 Re8 11. Ng3 h5 12. h3 h4 13. Nge2 Nh5 14. Be3 Nd7 15. Qd2 Ne5 16. Bg5 f6 17. Bxh4 Bxh3 18. f4 Nxd3 19. Qxd3 Bg4 20. e5 Bf5 21. Qf3 Nxf4 22. Nxf4 dxe5 23. Nh5 Bh8 24. g4 e4 25. Qg2 gxh5 26. gxf5+ Kf8 27. Rae1 Re7 28. Kh1 Rg7 29. Qxe4 Rg4 30. Rf4 Rxf4 31. Qxf4 Bg7 32. Re6 b5 33. d6 b4 34. Ne4 Qd7 35. Bxf6 Re8 36. Nxc5 Qc6+ 37. Qe4 Qxe4+ 38. Nxe4 Bxf6 39. Rxf6+ Kg7 40. Re6 1-0


[Site "https://www.chess.com"]

[Event "Titled Tuesday Blitz May 03 Late 2022"]
[White "Bifulco, Michel"]
[Black "Barria Zuniga, Daniel"]
[WhiteFideId "828580"]
[BlackFideId "3400816"]
[WhiteElo "2165"]
[BlackElo "2414"]
[Result "0-1"]
[Round "11"]
[TimeControl "180+1"]
[Date "2022.05.03"]
[WhiteClock "0:01:42"]
[BlackClock "0:02:24"]

1. d4 g6 2. e4 Bg7 3. Nc3 c5 4. dxc5 Bxc3+ 5. bxc3 Nf6 6. e5 Ne4 7. Qd4 Qa5 8. Be3 Nc6 9. Qd3 Nxc5 10. Qc4 b6 11. Nf3 Ba6 0-1


[Site "https://www.chess.com"]

[Event "Titled Tuesday Blitz May 03 Late 2022"]
[White "Bluebaum, Matthias"]
[Black "Paravyan, David"]
[WhiteFideId "24651516"]
[BlackFideId "4194985"]
[WhiteElo "2550"]
[BlackElo "2569"]
[Result "1-0"]
[Round "11"]
[TimeControl "180+1"]
[Date "2022.05.03"]
[WhiteClock "0:00:11"]
[BlackClock "0:00:04"]

1. d4 Nf6 2. c4 g6 3. Nc3 d5 4. cxd5 Nxd5 5. e4 Nxc3 6. bxc3 Bg7 7. Nf3 c5 8. Bb5+ Nc6 9. O-O O-O 10. Bxc6 bxc6 11. Qc2 cxd4 12. cxd4 Bg4 13. Ne5 Qxd4 14. Bb2 Qb6 15. Rab1 Bxe5 16. Bxe5 Qa5 17. Bc3 Qa6 18. Rfc1 Rfd8 19. Bb4 Rd7 20. a3 Rad8 21. f3 Be6 22. h4 h5 23. Kh2 Rc7 24. Qc5 Rdd7 25. Qe5 c5 26. Bxc5 f6 27. Qf4 Kg7 28. Bxe7 Bc4 29. Bb4 Qe6 30. Ba5 Rc5 31. Bc3 Rdc7 32. Rd1 R5c6 33. Ba5 Rf7 34. Rb8 Rc8 35. Rxc8 Qxc8 36. Rd8 Qc5 37. Bb4 Qc7 38. Rd6 Kh7 39. Bc3 Be6 40. Bd2 Qe7 41. Rc6 Kg8 42. Bb4 Qd7 43. Rd6 Qc7 44. Qg3 Bd7 45. Qxg6+ Rg7 46. Qxf6 Qc2 47. Rd2 Qc7+ 48. Bd6 Qc1 49. Be5 Rh7 50. Qg6+ Kf8 51. Bd6+ Re7 52. Bxe7+ Kxe7 53. Qg7+ 1-0


[Site "https://www.chess.com"]

[Event "Titled Tuesday Blitz May 03 Late 2022"]
[White "Burke, Paul"]
[Black "Petrova, Irina"]
[WhiteFideId "2605767"]
[BlackFideId "14124122"]
[WhiteElo "1872"]
[BlackElo "1993"]
[Result "0-1"]
[Round "11"]
[TimeControl "180+1"]
[Date "2022.05.03"]
[WhiteClock "0:00:12"]
[BlackClock "0:00:22"]

1. e4 c5 2. d4 cxd4 3. c3 dxc3 4. Nxc3 Nc6 5. Nf3 d6 6. Bc4 e6 7. O-O Be7 8. Qe2 Nf6 9. Rd1 e5 10. h3 O-O 11. Bg5 Be6 12. Bxe6 fxe6 13. Rac1 a6 14. a3 Rc8 15. b4 h6 16. Be3 Qe8 17. b5 Na5 18. bxa6 bxa6 19. Qa2 Qf7 20. Na4 Nxe4 21. Nb6 Rxc1 22. Rxc1 Bd8 23. Nc8 d5 24. Bc5 Nxc5 25. Rxc5 Bc7 26. Na7 e4 27. Nd4 Bb6 28. Rxa5 Bxd4 29. Nc6 Bxf2+ 30. Kh1 e3 31. Rxa6 e2 32. Qxe2 Bg3 33. Ra7 Qf1+ 34. Qxf1 Rxf1# 0-1


[Site "https://www.chess.com"]

[Event "Titled Tuesday Blitz May 03 Late 2022"]
[White "Carrasco Miranda, Andres"]
[Black "Sailer, Mike"]
[WhiteFideId "3405990"]
[BlackFideId "2012901"]
[WhiteElo "2177"]
[BlackElo "2109"]
[Result "1-0"]
[Round "11"]
[TimeControl "180+1"]
[Date "2022.05.03"]
[WhiteClock "0:01:03"]
[BlackClock "0:01:26"]

1. d4 d5 2. c4 Bf5 3. cxd5 Bxb1 4. Qa4+ Qd7 5. Qxd7+ Nxd7 6. Rxb1 Ngf6 7. Nf3 Nb6 8. e3 Nbxd5 9. a3 e6 10. Bb5+ c6 11. Bd3 Bd6 12. O-O Bc7 13. Bd2 h6 14. Rfc1 g5 15. b4 a6 16. a4 g4 17. Ne1 h5 18. b5 axb5 19. axb5 O-O 20. bxc6 bxc6 21. Rxc6 Ba5 22. Bxa5 Rxa5 23. g3 Ra3 24. Bf1 Ne4 25. Bg2 Nd2 26. Rd1 Nb3 27. Bxd5 exd5 28. Rc3 Ra1 29. Rxa1 Nxa1 30. Ra3 1-0


[Site "https://www.chess.com"]

[Event "Titled Tuesday Blitz May 03 Late 2022"]
[White "Deac, Bogdan-Daniel"]
[Black "Licznerski, Lukasz"]
[WhiteFideId "1226380"]
[BlackFideId "1179250"]
[WhiteElo "2648"]
[BlackElo "2422"]
[Result "1-0"]
[Round "11"]
[TimeControl "180+1"]
[Date "2022.05.03"]
[WhiteClock "0:00:01"]
[BlackClock "0:00:02"]

1. d4 Nf6 2. c4 g6 3. Nc3 d5 4. cxd5 Nxd5 5. e4 Nxc3 6. bxc3 Bg7 7. Nf3 c5 8. Bb5+ Nc6 9. O-O cxd4 10. cxd4 Bg4 11. Be3 O-O 12. Bxc6 bxc6 13. Rc1 Rc8 14. Rc5 Kh8 15. Qa4 Bxf3 16. gxf3 f5 17. Rd1 fxe4 18. fxe4 Qd7 19. Rg5 Qe6 20. Qc2 Rfd8 21. h4 Bf6 22. Rg2 Bxh4 23. e5 Rg8 24. Qe4 g5 25. Rc1 Rg6 26. a4 Rf8 27. Rc5 h6 28. Qg4 Qa2 29. Qe4 Qe6 30. Qg4 Qxg4 31. Rxg4 Rb8 32. Re4 Kg7 33. e6 Rb6 34. a5 Rb5 35. Rxc6 Rxa5 36. Rc7 Kf6 37. Kg2 Rd5 38. Rxa7 Kf5 39. f3 Rxe6 40. Rxe7 Rxe7 41. Rxe7 g4 42. Re4 gxf3+ 43. Kxf3 Bg5 44. Bf2 Kf6 45. Bg3 Kf5 46. Be5 Rd8 47. Re2 Rc8 48. Ra2 Rc3+ 49. Kg2 Ke4 50. Re2+ Be3 51. Bf6 Kd3 52. Ra2 Rc6 53. Be5 Ke4 54. Re2 Rg6+ 55. Kh2 Kf3 56. Ra2 h5 57. d5 Ke4 58. d6 Kxe5 59. d7 Bf4+ 60. Kh3 Rd6 61. Ra5+ Ke4 62. Ra4+ Kf5 63. Ra7 Bg5 64. Ra5+ 1-0


[Site "https://www.chess.com"]

[Event "Titled Tuesday Blitz May 03 Late 2022"]
[White "Demchenko, Anton"]
[Black "Korchmar, Vasiliy"]
[WhiteFideId "4160258"]
[BlackFideId "24131750"]
[WhiteElo "2539"]
[BlackElo "2370"]
[Result "1-0"]
[Round "11"]
[TimeControl "180+1"]
[Date "2022.05.03"]
[WhiteClock "0:00:29"]
[BlackClock "0:00:49"]

1. e4 c5 2. Nf3 d6 3. d4 cxd4 4. Qxd4 Nc6 5. Bb5 a6 6. Bxc6+ bxc6 7. O-O e5 8. Qa4 Bd7 9. c4 c5 10. Qc2 h6 11. Nc3 Nf6 12. Nh4 Be7 13. Nf5 Bxf5 14. exf5 O-O 15. Be3 Rb8 16. Rad1 Qb6 17. b3 a5 18. f3 Rfe8 19. Bf2 Bf8 20. Bh4 Nd7 21. f6 g6 22. f4 exf4 23. Rxf4 Qc6 24. Rf2 Re6 25. Nd5 Rbe8 26. Rdf1 Nb6 27. Qd2 Re4 28. Ne7+ Bxe7 29. fxe7 Rxh4 30. Rxf7 Nd7 31. Qf2 1-0


[Site "https://www.chess.com"]

[Event "Titled Tuesday Blitz May 03 Late 2022"]
[White "Derraugh, Geordie"]
[Black "Yaran, Siar"]
[WhiteFideId "2603950"]
[BlackFideId "6323006"]
[WhiteElo "2116"]
[BlackElo "1977"]
[Result "0-1"]
[Round "11"]
[TimeControl "180+1"]
[Date "2022.05.03"]
[WhiteClock "0:00:02"]
[BlackClock "0:00:29"]

1. e4 e5 2. Nf3 Nc6 3. d4 d6 4. dxe5 Nxe5 5. Nxe5 dxe5 6. Qxd8+ Kxd8 7. Nc3 c6 8. Bc4 Ke7 9. Be3 Be6 10. Bc5+ Kf6 11. Bxf8 Rxf8 12. Bb3 Ne7 13. O-O Rd8 14. f4 exf4 15. Rxf4+ Ke5 16. Raf1 Bxb3 17. axb3 f6 18. R4f2 Rd7 19. Na4 b6 20. Nc3 Rhd8 21. Ra1 a5 22. g3 Rd2 23. Raf1 b5 24. Rc1 Rxf2 25. Kxf2 Rd2+ 26. Ke3 Rxh2 27. Ne2 f5 28. exf5 Nxf5+ 29. Kf3 h5 30. Re1 Kf6 31. Ra1 g5 32. Nc3 g4+ 33. Ke4 Nxg3+ 34. Kd3 h4 35. Rxa5 h3 36. Ra6 Rg2 37. Rxc6+ Kg5 38. Rc5+ Kh4 39. Nd5 h2 40. Nf4 Rf2 41. Ng6+ Kh3 42. Rc8 h1=Q 43. Rh8+ Kg2 44. Rxh1 Nxh1 45. Nh4+ Kh3 0-1


[Site "https://www.chess.com"]

[Event "Titled Tuesday Blitz May 03 Late 2022"]
[White "Ezat, Mohamed"]
[Black "D`Arruda, Ricardo D."]
[WhiteFideId "10600906"]
[BlackFideId "100692"]
[WhiteElo "2386"]
[BlackElo "2445"]
[Result "0-1"]
[Round "11"]
[TimeControl "180+1"]
[Date "2022.05.03"]
[WhiteClock "0:00:27"]
[BlackClock "0:01:34"]

1. d4 Nf6 2. c4 e5 3. dxe5 Ne4 4. Nf3 Nc6 5. Nbd2 Nc5 6. g3 d6 7. exd6 Qxd6 8. Bg2 Be7 9. O-O Bf5 10. b3 Bf6 11. Ba3 Bxa1 12. Qxa1 O-O 13. e4 Bg4 14. e5 Qe7 15. Nd4 Nxd4 16. Qxd4 Rfd8 17. Qxg4 Rxd2 18. Bxb7 Rad8 19. Bd5 Rxa2 20. Bxc5 Qxc5 21. e6 fxe6 22. Qxe6+ Kh8 23. Qh3 Rf8 24. Be4 h6 25. Qg2 Rb2 26. g4 a5 27. h4 Qd4 28. g5 Rf4 29. Bb1 Rg4 0-1


[Site "https://www.chess.com"]

[Event "Titled Tuesday Blitz May 03 Late 2022"]
[White "Ferreira, Vitor Hugo Vieira"]
[Black "Trost, Edvin"]
[WhiteFideId "2119765"]
[BlackFideId "1729519"]
[WhiteElo "2165"]
[BlackElo "2160"]
[Result "0-1"]
[Round "11"]
[TimeControl "180+1"]
[Date "2022.05.03"]
[WhiteClock "0:00:03"]
[BlackClock "0:00:12"]

1. d4 d5 2. c4 e6 3. e3 Nf6 4. Nc3 Bb4 5. Nf3 O-O 6. Bd3 dxc4 7. Bxc4 c5 8. O-O cxd4 9. exd4 b6 10. Qe2 Bb7 11. Rd1 Nbd7 12. Bg5 h6 13. Bh4 Be7 14. Rac1 Rc8 15. Ne5 Nxe5 16. dxe5 Nd5 17. Nxd5 Bxd5 18. Bxe7 Qxe7 19. Bxd5 exd5 20. Rxc8 Rxc8 21. Rxd5 Rc1+ 22. Rd1 Rxd1+ 23. Qxd1 Qxe5 24. Qd8+ Kh7 25. Qd3+ g6 26. Qb1 h5 27. h3 h4 28. b3 Kg7 29. a4 g5 30. Qd3 Qa1+ 31. Kh2 Qe5+ 32. g3 Qc5 33. Kg2 Qc6+ 34. Qf3 Qe6 35. gxh4 gxh4 36. Qg4+ Qg6 37. Kf3 f5 38. Qxg6+ Kxg6 39. Kf4 Kf6 40. b4 a6 41. f3 b5 42. a5 Ke6 43. Kg5 Ke5 44. Kxh4 Kf4 45. Kh5 Kxf3 46. Kg6 f4 47. h4 Ke4 48. h5 f3 49. h6 f2 50. h7 f1=Q 51. h8=Q Qf5+ 52. Kg7 Qe5+ 53. Kg8 Qxh8+ 54. Kxh8 Kd5 0-1


[Site "https://www.chess.com"]

[Event "Titled Tuesday Blitz May 03 Late 2022"]
[White "Fiorito, Fabian"]
[Black "Weber, Samuel"]
[WhiteFideId "100200"]
[BlackFideId "12924008"]
[WhiteElo "2395"]
[BlackElo "2215"]
[Result "1-0"]
[Round "11"]
[TimeControl "180+1"]
[Date "2022.05.03"]
[WhiteClock "0:00:10"]
[BlackClock "0:00:12"]

1. e4 g6 2. d4 Bg7 3. Nc3 a6 4. a4 d6 5. Be3 Nc6 6. h3 Nf6 7. Nf3 O-O 8. Be2 e5 9. d5 Nb4 10. g4 c6 11. g5 Nh5 12. Bc4 Nf4 13. Kf1 Bxh3+ 14. Rxh3 Nxh3 15. a5 cxd5 16. exd5 Rc8 17. Bb3 Qd7 18. Ra4 Qg4 19. Ne1 Qg1+ 20. Ke2 f5 21. Rxb4 f4 22. Bb6 f3+ 23. Kd2 Nxf2 24. Nxf3 Qg2 25. Ne1 Qxg5+ 26. Be3 Qg3 27. Qe2 e4 28. Nxe4 Nxe4+ 29. Rxe4 Bxb2 30. Bc4 Rfe8 31. Rxe8+ Rxe8 32. Nf3 Qg4 33. Nd4 Qe4 34. c3 Re7 35. Nc2 Qe5 36. Bd4 Qxe2+ 37. Bxe2 g5 38. Bg4 h6 39. Be6+ Kh7 40. Bf5+ Kg8 41. Ne3 Ba3 42. Nc4 Bc5 43. Bxc5 dxc5 44. d6 Re8 45. d7 Rd8 46. Nd6 Kf8 47. Nxb7 Ke7 48. Nxd8 Kxd8 49. Kd3 h5 50. Ke4 g4 51. Kf4 Ke7 52. c4 Kd8 53. Kg3 Ke7 54. Bg6 Kxd7 55. Bxh5 Kd6 56. Kf4 g3 57. Bf3 g2 58. Bxg2 Kc7 59. Ke5 Kd7 60. Kd5 Kc7 61. Kxc5 1-0


[Site "https://www.chess.com"]